 Dungeon Crawl Stone Soup version 0.25.1-2-g60ff931df9 (webtiles) character file.

Game seed: 18417009825767026491

188 GameOver the Conjurer (level 5, -5/42 HPs)
             Began as a Naga Wizard on July 29, 2020.
             Slain by Grinder (6 damage)
             ... on level 3 of the Dungeon.
             The game lasted 00:11:18 (1828 turns).

GameOver the Conjurer (Naga Wizard)                 Turns: 1828, Time: 00:11:18

Health: -5/42      AC:  4    Str:  8 (9)  XL:     5   Next: 67%
Magic:  3/9        EV:  9    Int: 19 (20) God:
Gold:   90         SH:  0    Dex:  6 (9)  Spells: 1/10 levels left

rFire    . . .     SeeInvis +   h - +0 spear
rCold    . . .     Gourm    .   (no shield)
rNeg     . . .     Faith    .   a - +0 robe
rPois    +         Spirit   .   b - +0 hat
rElec    .         Reflect  .   m - +0 cloak
rCorr    .         Harm     .   l - +0 pair of gloves
MR       .....                  (no barding)
Stlth    ++........             (no amulet)
HPRegen  0.14/turn              (no ring)
MPRegen  0.11/turn              (no ring)

@: very slow
A: large, see invisible, deformed body, poison resistance, slowness 2, slow
metabolism 1, spit poison 1, AC +1
a: Spit Poison


You were on level 3 of the Dungeon.
You were hungry.

You visited 1 branch of the dungeon, and saw 3 of its levels.

You collected 90 gold pieces.

Inventory:

Hand Weapons
 e - a +0 club {George}
 h - a +0 spear (weapon)
Missiles
 q - a throwing net (quivered)
Armour
 a - a +0 robe (worn)
 b - a +0 hat (worn)
 l - a +0 pair of gloves (worn)
 m - a +0 cloak (worn)
 r - a +0 buckler
Jewellery
 t - an uncursed amulet of faith {unknown}
Scrolls
 g - 2 scrolls of enchant armour {unknown}
 i - a scroll of remove curse {unknown}
 k - a scroll of immolation {unknown}
 o - a scroll of enchant weapon {unknown}
 p - a scroll of identify {unknown}
 u - a scroll of amnesia {unknown}
Potions
 j - a potion of brilliance
Comestibles
 d - 5 rations


   Skills:
 - Level 1.5 Dodging
 - Level 3.0 Stealth
 - Level 3.0 Spellcasting
 + Level 4.8 Conjurations
   Level 1.0 Summonings
 - Level 1.0 Translocations
 + Level 2.8 Poison Magic


You had one spell level left.
You knew the following spells:

 Your Spells              Type           Power        Failure   Level  Hunger
a - Magic Dart            Conj           ###.         1%          1    None
b - Blink                 Tloc           N/A          16%         2    ##.....
d - Mephitic Cloud        Conj/Pois/Air  ##......     16%         3    ###....
f - Conjure Flame         Conj/Fire      ##......     17%         3    ###....

Your spell library contained the following spells:

 Spells                   Type           Power        Failure   Level  Hunger
 Call Imp                 Summ           #.......     16%         2    ##.....
 Slow                     Hex            #.......     22%         2    ##.....


Dungeon Overview and Level Annotations

Branches:
Dungeon (3/15)

Altars:

Annotations:
D:3 Grinder


Innate Abilities, Weirdness & Mutations

You cannot wear boots.
Your serpentine skin is tough. (AC +1)
You have supernaturally acute eyesight. (SInv)
Armour fits poorly on your strangely shaped body.
Your system is resistant to poisons. (rPois)
You cover ground very slowly.
You have a slow metabolism.
You can spit poison.


Message History

* * * LOW HITPOINT WARNING * * *
Grinder hits you but does no damage.
You can move again.
Unknown command.
Unknown command.
Unknown command.
Unknown command.
Grinder barely misses you. x2
Grinder closely misses you. Grinder barely misses you.
Grinder hits you but does no damage.
Grinder says, "Mostly I couldn't keep them alive."
Grinder hits you.
* * * LOW HITPOINT WARNING * * *
You writhe in agony.
* * * LOW HITPOINT WARNING * * *
Grinder hits you.
* * * LOW HITPOINT WARNING * * *
You writhe in agony.
You die...

#.....(..##....##...........
#...........................
#.....########.#..###.######
#.....#......#.#..# #>...##.
####..#.####.#.#.## ##......
#..#.# #.#.#..###.......
#..#.# #.#.#..#.........
#..#.#.##5#.#........(...
#..#.#..@.#.#.###........
#..#.######.#.# #........
#..#........#.# #........
#..##########.# #........
#.............# ##.......
###...........# ##.....#
############# #####.. #..
#..


You could see Grinder.

Vanquished Creatures
  An ogre (D:2)
  2 adders
  4 gnolls
  A dart slug (D:1)
  A leopard gecko (D:1)
  8 bats
  2 giant cockroaches
  4 goblins
  7 hobgoblins
  3 jackals (D:1)
  4 kobolds
  5 frilled lizards
  9 rats
51 creatures vanquished.

Notes
Turn   | Place    | Note
-------+----------+-------------------------------------------
     0 | D:1      | GameOver the Naga Wizard began the quest for the Orb.
     0 | D:1      | Reached XP level 1. HP: 15/15 MP: 4/4
    64 | D:1      | Reached skill level 2 in Conjurations
    64 | D:1      | Reached XP level 2. HP: 22/22 MP: 1/6
   255 | D:1      | You fall into a shaft and drop 1 floor!
   376 | D:1      | Reached XP level 3. HP: 26/28 MP: 4/7
   384 | D:1      | Reached skill level 3 in Conjurations
   392 | D:1      | Learned a level 2 spell: Blink
   399 | D:1      | Learned a level 3 spell: Mephitic Cloud
   703 | D:2      | Reached XP level 4. HP: 26/36 MP: 4/8
   738 | D:2      | Reached skill level 4 in Conjurations
   821 | D:2      | Noticed an ogre
   840 | D:2      | Killed an ogre
   840 | D:2      | Reached XP level 5. HP: 21/42 MP: 0/9
   940 | D:2      | Found a faded altar of an unknown god.
  1768 | D:3      | Noticed Grinder
  1774 | D:3      | Learned a level 3 spell: Conjure Flame
  1819 | D:3      | Paralysed by Grinder for 5 turns
  1828 | D:3      | HP: 1/42 [Grinder (4)]
  1828 | D:3      | Slain by Grinder

Illustrated notes

Levels and vault maps discovered:
D:1:      mrwooster_arrival_statue_3, layout_loops_ring
D:2:      layout_rooms, first_ration, chequers_ecumenical_altar_lobes
D:3:      layout_rooms, minivault_5, bh_walls_and_bars, uniq_grinder

Skill      XL: |  1  2  3  4 |
---------------+-------------+-----
Conjurations   | 2 3 4 |  4.8
Poison Magic   | 2 |  2.8
Dodging        | |  1.5
Stealth        | |  3.0
Spellcasting   | |  3.0
Summonings     | |  1.0
Translocations | |  1.0

Action                   |  1- 3 |  4- 6 || total
-------------------------+-------+-------++-------
Melee: Spear             |     2 |    12 ||    14
 Cast: Magic Dart        |    26 |    44 ||    70
       Mephitic Cloud    |       |     1 ||     1
       Conjure Flame     |       |     2 ||     2
 Abil: Spit Poison       |    28 |    18 ||    46
  Use: Potion            |       |     5 ||     5
  Eat: Chunk             |     1 |     3 ||     4
Armor: Robe              |     1 |    11 ||    12
Dodge: Dodged            |     8 |    17 ||    25
